 Dungeon Crawl Stone Soup version 0.28.0-53-g5a82cb258f (webtiles) character file.

Game seed: 17771277401692364621

67006 Stomo the Fighter (level 14, -2/121 (133) HPs)
             Began as a Grey Draconian Transmuter on July 10, 2022.
             Was a High Priest of Wu Jian.
             Killed from afar by a thorn hunter (40 damage)
             ... with a volley of thorns
             ... on level 1 of the Swamp.
             The game lasted 00:51:44 (20960 turns).

Stomo the Fighter (Grey Draconian Transmuter)      Turns: 20960, Time: 00:51:45

HP:   -2/121 (133)  AC: 21    Str: 18    XL:     14   Next: 81%
MP:   22/25         EV: 17    Int: 13    God:    Wu Jian [*****.]
Gold: 1148          SH:  0    Dex: 12    Spells: 15/27 levels left

rFire   . . .      SeeInvis .     - Unarmed
rCold   . . .      Faith    .   (no shield)
rNeg    + . .      Spirit   .   (armour unavailable)
rPois   +          Reflect  .   (helmet currently unavailable)
rElec   .          Harm     .   a - +1 cloak {rPois}
rCorr   .          Rampage  .   P - +1 pair of gloves {hurl}
Will    +....                   (boots currently unavailable)
Stlth   +.........              d - amulet of regeneration
HPRegen 1.10/turn               M - +4 ring of protection
MPRegen 0.19/turn               k - ring of positive energy

@: appendages, liquefying, studying Throwing, slowed movement, drained, very
slow
A: horns 2, talons 2, AC +13, amphibious, unfitting armour, cold-blooded
a: End Transformation, Renounce Religion, Wall Jump, Serpent's Lash, Heavenly
Storm


You were on level 1 of the Swamp.
You worshipped Wu Jian.
Wu Jian was extremely pleased with you.
You had temporarily grown beastly horns and talons.
You visited 4 branches of the dungeon, and saw 20 of its levels.
You visited the Abyss 1 time.

You collected 1148 gold pieces.

Inventory:

Armour
 a - a +1 cloak of poison resistance (worn)
 n - a +0 pair of gloves
 v - a +0 cloak
 w - a +0 pair of gloves
 A - a +1 pair of boots
 D - a +0 pair of boots
 P - a +1 pair of gloves of hurling (worn)
 R - a +2 pair of boots (melded)
Jewellery
 c - an amulet of reflection
 d - an amulet of regeneration (around neck)
 e - a ring of willpower
 k - a ring of positive energy (right hand)
 m - a ring of positive energy
 o - a +6 ring of strength
 r - an amulet of faith
 G - an amulet of the acrobat
 J - a ring of ice
 M - a +4 ring of protection (left hand)
Wands
 h - a wand of flame (38)
 y - a wand of paralysis (4)
 B - a wand of mindburst (3)
 E - a wand of polymorph (3)
 F - a wand of acid (4)
 H - a wand of digging (6)
Scrolls
 b - a scroll of fear
 f - 5 scrolls of silence
 u - 3 scrolls of amnesia
 x - 6 scrolls of identify
 I - 2 scrolls of blinking
 K - 2 scrolls of enchant weapon
 O - 2 scrolls of magic mapping
 T - a scroll of noise {unknown}
 U - a scroll of teleportation
Potions
 g - 4 potions of lignification
 i - a potion of ambrosia
 j - 5 potions of magic
 l - 3 potions of brilliance
 p - 2 potions of degeneration
 q - 2 potions of cancellation
 s - 3 potions of mutation
 t - 3 potions of might {unknown}
 z - 4 potions of curing {unknown}
 C - 2 potions of haste {unknown}
 L - a potion of attraction {unknown}
 N - a potion of resistance {unknown}
 Q - a potion of flight {unknown}
 S - a potion of berserk rage {unknown}


   Skills:
 - Level 14.6 Fighting
 - Level 12.6 Dodging
 - Level 13.8 Unarmed Combat
 - Level 7.3 Spellcasting
 + Level 1.9 Hexes
 - Level 10.0 Transmutations
 + Level 5.0 Earth Magic


You had 15 spell levels left.
You knew the following spells:

 Your Spells              Type           Power      Damage    Failure   Level
a - Beastly Appendage     Tmut           60%        N/A       1%          1
b - Wereblood             Tmut           30%        N/A       1%          2
c - Freeze                Ice            16%        1d4       14%         1
d - Ice Form              Ice/Tmut       17%        N/A       19%         4
e - Leda's Liquefaction   Hex/Erth       6%         N/A       34%         4

Your spell library contained the following spells:

 Spells                   Type           Power      Damage    Failure   Level
 Spider Form              Tmut/Pois      17%        N/A       5%          3
 Ensorcelled Hibernation  Hex/Ice        14%        N/A       16%         2
 Tukima's Dance           Hex            9%         N/A       21%         3
 Portal Projectile        Hex/Tloc       14%        N/A       30%         3
 Call Canine Familiar     Summ           4%         N/A       41%         3
 Frozen Ramparts          Ice            8%         1d2       41%         3
 Ozocubu's Armour         Ice            4%         N/A       41%         3
 Lee's Rapid Deconstruct  Erth           9%         3d8*      45%         5
 Anguish                  Hex/Necr       3%         N/A       69%         4
 Fulminant Prism          Conj/Hex       3%         3d6       69%         4
 Hailstorm                Conj/Ice       4%         3d4       82%         4
 Iskenderun's Mystic Bla  Conj/Tloc      4%         2d3       82%         4
 Olgreb's Toxic Radiance  Pois           4%         N/A       82%         4
 Metabolic Englaciation   Hex/Ice        3%         N/A       95%         5
 Conjure Ball Lightning   Conj/Air       2%         3x3d6     100%        6
 Simulacrum               Ice/Necr       2%         N/A       100%        6
 Enfeeble                 Hex            4%         N/A       100%        7
 Ozocubu's Refrigeration  Ice            2%         4d5       100%        7
 Discord                  Hex            4%         N/A       100%        8
 Disjunction              Tloc           2%         N/A       100%        8
 Ignition                 Fire           2%         3d3       100%        8


Dungeon Overview and Level Annotations

Branches:
Dungeon (12/15)            Temple (1/1) D:7            Lair (6/6) D:8
  Swamp (1/4) Lair:2        Snake (0/4) Lair:4        Slime (0/5) Lair:6
    Orc: D:9-12

Altars:
Ashenzari
Cheibriados
Dithmenos
Elyvilon
Fedhas
Gozag
Hepliaklqana
Kikubaaqudgha
Makhleb
Nemelex Xobeh
Okawaru
Qazlal
Ru
Sif Muna
Trog
Uskayaw
Vehumet
Wu Jian
Xom
Yredelemnul
Zin
The Shining One
Jiyva

Annotations:
D:7 1 runed translucent door, bnorton916's ghost, novice DEFE
D:9 2 transporters, quixfox's ghost, novice HOFi


Innate Abilities, Weirdness & Mutations

You have temporarily grown beastly horns and talons.
Your dull iron-grey scales are very hard. (AC +13)
You are amphibious.
You cannot fit into any form of body armour.
You are cold-blooded and may be slowed by cold attacks.


Message History

You hit the thorn hunter but do no damage.
The thorn hunter is moderately damaged.
The briar patch crumbles away. x3; The thorn hunter hits you.
The thorn hunter hits you but does no damage.
You hit the thorn hunter. You claw the thorn hunter.
You tail-slap the thorn hunter.
The thorn hunter is moderately damaged.
The briar patch crumbles away.
The thorn hunter hits you but does no damage.
The thorn hunter hits you!
* * * LOW HITPOINT WARNING * * *
Unknown command.
Casting: Leda's Liquefaction (dangerous; 34% risk of failure)
Confirm with . or Enter, or press ? or * to list all spells.
You need to wait for the ground to become solid again.
Unknown command.
Okay, then.
Okay, then.
You punch the thorn hunter!
The thorn hunter is heavily damaged.
The briar patch crumbles away.
The thorn hunter hits you but does no damage. x2
Unknown command.
You hit the thorn hunter.
You punch the thorn hunter, but do no damage.
The thorn hunter is heavily damaged.
The thorn hunter gestures.
Thorny briars emerge from the ground!
You punch the thorn hunter! You claw the thorn hunter!
Your headbutt misses the thorn hunter.
The thorn hunter is severely damaged.
The briar patch crumbles away.
Unknown command.
You punch the thorn hunter!
You claw the thorn hunter, but do no damage.
You headbutt the thorn hunter, but do no damage.
The thorn hunter is almost destroyed.
The thorn hunter fires a volley of thorns at you.
The volley of thorns hits you!!!
You die...

..≈≈.)...$♣♣♣ ≈≈≈≈≈≈≈≈§..♣
≈≈≈≈≈§≈≈≈.♣ ≈≈.≈≈≈≈≈.
≈..≈≈≈≈.. ♣♣≈.♣♣...≈
♣♣.≈≈.≈.≈≈≈
♣♣♣♣§†≈≈≈.≈.§≈≈≈
♣♣.@f...≈≈≈.≈≈≈≈≈
♣♣≈.≈≈≈..≈≈≈.≈≈≈..
♣♣♣♣♣...≈≈≈≈..≈≈≈.≈§≈≈
♣♣♣♣.≈P≈≈≈≈≈≈....§≈≈..≈≈≈
♣≈§♣.P≈≈≈≈≈≈..♣≈.≈≈≈....≈
♣♣......≈≈≈.♣♣≈♣♣.≈≈≈≈.♣♣
♣.≈≈≈.≈.≈≈≈♣♣♣...†.≈≈≈≈.♣♣
♣..≈≈.≈≈.≈≈♣ ♣.≈≈.≈≈≈≈≈≈.≈
♣♣♣.≈≈.≈♣≈..♣
♣...≈≈≈≈≈....


You could see a thorn hunter.

Vanquished Creatures
  3 dire elephants (Lair:6)
  The ghost of WaxSun the Fighter, a journeyman DjCj of Elyvilon (D:10)
  7 hydras
  Fannar (D:11)
  2 boulder beetles
  A ghost crab (Swamp:1)
  2 centaur warriors (D:11)
  Erica (D:11)
  6 death yaks
  5 two-headed ogres
  A tengu warrior (D:11)
  A thrashing horror (Abyss:1)
  Urug (Lair:6)
  A spectral dire elephant (Lair:6)
  Sonja (D:11)
  A spectral death yak (Lair:6)
  A spectral anaconda (Lair:6)
  3 bog bodies
  An obsidian statue (Lair:6)
  4 necromancers (Lair:6)
  2 deep elf pyromancers
  3 large abominations
  An ugly thing (D:12)
  A wolf spider (D:11)
  3 cyclopes
  6 black mambas
  Joseph (D:7)
  18 elephants
  2 smoke demons (Abyss:1)
  2 gargoyles
  A dire elephant skeleton (Lair:6)
  3 unseen horrors
  6 cane toads
  Psyche (D:11)
  6 rime drakes
  8 komodo dragons
  A kobold demonologist (D:10)
  A hellwing (Abyss:1)
  A tyrant leech (Swamp:1)
  4 trolls
  13 blink frogs
  A polar bear (D:10)
  A hornet (D:8)
  A small abomination (Abyss:1)
  3 spectral elephants (Lair:6)
  Sigmund (D:5)
  A meliai zombie (D:10)
  14 dream sheep (Lair:6)
  A shadow (D:12)
  A vampire (D:11)
  A ynoxinul (Abyss:1)
  3 spriggans (D:10)
  3 wyverns
  26 yaks
  A basilisk (D:8)
  A steam dragon (D:9)
  5 vampire mosquitoes
  A death yak simulacrum (Lair:6)
  5 swamp worms
  A spectral cane toad (Lair:6)
  2 acid dragons
  24 water moccasins
  An ice beast (D:8)
  5 orc warriors
  A swamp drake (D:8)
  4 necrophages
  An ogre (D:5)
  11 wolves
  2 elephant zombies (Lair:6)
  4 centaurs
  2 phantoms
  An elephant skeleton (Lair:6)
  Blork the orc (D:4)
  2 kobold brigands
  7 bullfrogs
  3 cane toad simulacra (Lair:6)
  2 scorpions
  13 killer bees
  2 elephant simulacra (Lair:6)
  16 wights
  3 howler monkeys
  2 electric eels
  7 centaur zombies
  A gnoll shaman (D:7)
  A hound (D:6)
  A centaur skeleton (D:7)
  5 orc priests
  A bullfrog skeleton (D:5)
  6 hell rats (Lair:5)
  6 orc wizards
  2 killer bee zombies (D:7)
  2 mummies (D:9)
  10 gnolls
  7 adders
  3 shadow imps
  A white imp (D:6)
  An adder skeleton (D:4)
  4 worms
  4 dart slugs
  28 orcs
  8 ball pythons
  3 endoplasms
  3 giant cockroaches
  5 goblins
  7 hobgoblins
  8 jackals
  20 kobolds
  3 quokkas
  2 bats (D:3)
  5 frilled lizards
  8 rats
470 creatures vanquished.

Vanquished Creatures (others)
  A wyvern (D:8)
  An orc wizard (D:10)
  2 orcs (D:8)
  24 fungi
  32 plants
  23 withered plants (Lair:6)
83 creatures vanquished.

Grand Total: 553 creatures vanquished

Notes
Turn   | Place    | Note
-------+----------+-------------------------------------------
     0 | D:1      | Stomo the Draconian Transmuter began the quest for the Orb.
     0 | D:1      | Reached XP level 1. HP: 16/16 MP: 3/3
   342 | D:1      | Reached XP level 2. HP: 23/23 MP: 3/5
   845 | D:1      | Learned a level 2 spell: Wereblood
  1128 | D:2      | Reached XP level 3. HP: 29/29 MP: 3/6
  1252 | D:2      | Reached skill level 2 in Fighting
  1601 | D:2      | Reached XP level 4. HP: 34/36 MP: 2/7
  1965 | D:2      | Found a broken altar of Ashenzari.
  2488 | D:3      | Found a faded altar of an unknown god.
  3200 | D:4      | Noticed Blork the orc
  3332 | D:4      | Noticed a phantom
  3346 | D:4      | Killed a phantom
  3347 | D:4      | Reached skill level 3 in Fighting
  3347 | D:4      | Reached XP level 5. HP: 35/45 MP: 8/8
  3481 | D:4      | Found a broken altar of Ashenzari.
  4153 | D:4      | Killed Blork the orc
  4154 | D:4      | Reached XP level 6. HP: 51/51 MP: 7/9
  4431 | D:5      | Entered Level 5 of the Dungeon
  4547 | D:5      | Noticed Sigmund
  4576 | D:5      | Killed Sigmund
  4684 | D:5      | Found a snail-covered altar of Cheibriados.
  4742 | D:5      | Reached skill level 4 in Fighting
  5025 | D:5      | Your scales start taking on a dull iron-grey colour.
  5025 | D:5      | Reached XP level 7. HP: 45/59 MP: 6/10
  5058 | D:5      | Found an iron altar of Okawaru.
  5058 | D:5      | Found a blossoming altar of Fedhas.
  5059 | D:5      | Found a bloodstained altar of Trog.
  5084 | D:5      | Reached skill level 5 in Unarmed Combat
  5668 | D:6      | Reached skill level 5 in Fighting
  5668 | D:6      | Reached skill level 5 in Transmutations
  5668 | D:6      | Reached XP level 8. HP: 52/68 MP: 8/11
  6383 | D:7      | Noticed bnorton916's ghost (novice DEFE)
  6388 | D:7      | Found a burning altar of Makhleb.
  6390 | D:7      | Found a sparkling altar of Nemelex Xobeh.
  6411 | D:7      | Reached skill level 5 in Dodging
  6411 | D:7      | Paralysed by a centaur for 4 turns
  6418 | D:7      | Paralysed by a centaur for 4 turns
  6433 | D:7      | Reached skill level 6 in Fighting
  6531 | D:7      | Noticed Joseph
  6548 | D:7      | Killed Joseph
  6549 | D:7      | Reached XP level 9. HP: 77/78 MP: 12/12
  6563 | D:7      | Found a staircase to the Ecumenical Temple.
  6664 | Temple   | Entered the Ecumenical Temple
  6737 | Temple   | Became a worshipper of the Wu Jian Council
  7133 | D:7      | Found a runed translucent door.
  7419 | D:7      | Identified the +7 hunting sling of Regicide {flame, rElec
                  | Int+4 Stlth+}
  7571 | D:8      | Reached skill level 7 in Fighting
  7729 | D:8      | Noticed a +0 dagger
  7729 | D:8      | Noticed a +0 spear
  7729 | D:8      | Noticed a +0 short sword
  7730 | D:8      | Noticed a +0 falchion
  7730 | D:8      | Noticed a +0 short sword
  7731 | D:8      | Noticed a +0 spear
  7731 | D:8      | Noticed a +0 falchion
  7732 | D:8      | Noticed a +0 dagger
  7829 | D:8      | Noticed a komodo dragon
  7839 | D:8      | Killed a komodo dragon
  7918 | D:8      | Reached XP level 10. HP: 75/88 MP: 15/15
  8302 | D:8      | Found a staircase to the Lair.
  8462 | D:8      | Found a hide-covered altar of Uskayaw.
  8483 | D:8      | Reached skill level 8 in Fighting
  8509 | D:8      | Reached * piety under Wu Jian
  8669 | D:8      | Noticed a deep elf pyromancer
  8672 | D:8      | Killed a deep elf pyromancer
  8921 | D:9      | Noticed quixfox's ghost (novice HOFi)
  8927 | D:9      | Found a transporter.
  8961 | D:9      | Found a transporter.
  9189 | D:9      | Reached ** piety under Wu Jian
  9190 | D:9      | Reached skill level 5 in Spellcasting
  9277 | D:10     | Entered Level 10 of the Dungeon
  9306 | D:10     | Noticed a two-headed ogre
  9306 | D:10     | Noticed a two-headed ogre
  9387 | D:10     | Killed a two-headed ogre
  9552 | D:10     | Noticed a two-headed ogre
  9559 | D:10     | Noticed a two-headed ogre
  9586 | D:9      | Reached XP level 11. HP: 83/95 MP: 15/19
  9599 | D:9      | Killed a two-headed ogre
  9600 | D:9      | Reached skill level 9 in Fighting
  9696 | D:9      | Killed a two-headed ogre
  9764 | D:10     | Killed a two-headed ogre
 10184 | D:10     | Found a glowing golden altar of the Shining One.
 10191 | D:10     | Found a shimmering altar of Xom.
 10191 | D:10     | Found a shadowy altar of Dithmenos.
 10193 | D:10     | Found a shimmering altar of Xom.
 10193 | D:10     | Found a glowing golden altar of the Shining One.
 10193 | D:10     | Found a stormy altar of Qazlal.
 10492 | D:10     | Found a runed translucent door.
 10494 | D:10     | Noticed WaxSun's ghost (journeyman DjCj)
 10494 | D:10     | Identified the +8 trident of the Badger {drain, MP+9 Dex+3}
 10631 | D:10     | Reached *** piety under Wu Jian
 10883 | D:11     | Noticed Sonja
 11234 | D:11     | Noticed a centaur warrior
 11234 | D:11     | Noticed a tengu warrior
 11234 | D:11     | Noticed a deep elf pyromancer
 11234 | D:11     | Noticed a centaur warrior
 11238 | D:11     | Noticed a five-headed hydra
 11241 | D:11     | Noticed a wolf spider
 11422 | Lair:1   | Entered Level 1 of the Lair of Beasts
 11894 | Lair:1   | Reached skill level 10 in Fighting
 11948 | Lair:1   | Noticed a six-headed hydra
 12008 | D:8      | Learned a level 1 spell: Freeze
 12013 | D:8      | Learned a level 4 spell: Ice Form
 12027 | Lair:1   | Killed a six-headed hydra
 12810 | Lair:2   | Reached XP level 12. HP: 106/106 MP: 17/22
 13057 | Lair:2   | Noticed a seven-headed hydra
 13065 | Lair:2   | Killed a seven-headed hydra
 13066 | Lair:2   | Reached skill level 10 in Unarmed Combat
 13234 | Lair:2   | Noticed a seven-headed hydra
 13241 | Lair:2   | Killed a seven-headed hydra
 13610 | Lair:2   | Reached skill level 10 in Transmutations
 13670 | Lair:2   | Found a staircase to the Swamp.
 13874 | Lair:3   | You fall into a shaft and drop 3 floors!
 13874 | Lair:6   | Entered Level 6 of the Lair of Beasts
 13899 | Lair:6   | Reached skill level 11 in Fighting
 13906 | Lair:6   | Reached **** piety under Wu Jian
 14363 | Lair:4   | Noticed a seven-headed hydra
 14373 | Lair:4   | Killed a seven-headed hydra
 14374 | Lair:4   | Reached skill level 10 in Dodging
 14898 | Lair:4   | Found a staircase to the Snake Pit.
 15064 | Lair:4   | Reached XP level 13. HP: 117/117 MP: 17/24
 15147 | Lair:4   | Reached skill level 12 in Fighting
 16876 | Lair:5   | HP: 6/142 [komodo dragon (13)]
 16881 | Lair:5   | HP: 7/142 [poisoned by a black mamba]
 17189 | Lair:6   | Noticed Urug
 17214 | Lair:6   | Killed Urug
 17218 | Lair:6   | Reached skill level 13 in Fighting
 17222 | Lair:6   | Reached ***** piety under Wu Jian
 17466 | Lair:6   | Noticed a dire elephant
 17466 | Lair:6   | Noticed a dire elephant
 17466 | Lair:6   | Noticed a dire elephant
 17795 | Lair:6   | Found a viscous altar of Jiyva.
 17795 | Lair:6   | Found a staircase to the Slime Pits.
 18103 | Lair:6   | Reached XP level 14. HP: 124/129 MP: 22/25
 18524 | Lair:6   | Reached skill level 14 in Fighting
 19029 | D:11     | Noticed Fannar
 19045 | D:11     | Killed Fannar
 19238 | D:11     | Noticed Psyche
 19257 | D:11     | Killed Psyche
 19374 | D:11     | Cast into level 1 of the Abyss (Sonja)
 19596 | D:11     | Escaped the Abyss
 19608 | D:11     | Killed Sonja
 19672 | D:11     | Noticed Erica
 19682 | D:11     | Killed Erica
 19871 | D:11     | Identified the +7 mace of Ipsouv {antimagic, rPois rN+
                  | Str-3 Int+3 Dex+3}
 20021 | D:11     | Reached skill level 1 in Earth Magic
 20441 | D:10     | Killed WaxSun's ghost
 20468 | D:10     | Learned a level 4 spell: Leda's Liquefaction
 20732 | Swamp:1  | Entered Level 1 of the Swamp
 20822 | Swamp:1  | Reached skill level 1 in Hexes
 20919 | Swamp:1  | Reached skill level 5 in Earth Magic
 20938 | Swamp:1  | Noticed a thorn hunter
 20960 | Swamp:1  | Killed from afar by a thorn hunter

Illustrated notes

Levels and vault maps discovered:
D:1:      dpeg_arrival_round_a, layout_rooms, minmay_misc_feat_tower,
          lexackson_kobold_supper
D:2:      layout_loops_corners, basic_altar, cheibrodos_gnoll_hut
D:3:      layout_basic, shapermc_ecumenical_altar_starsandcircs, minmay_circle_x
D:4:      layout_basic, cheibrodos_ashenzari_chains, serial_co_window_serial,
          co_window_corner_a, co_window_paths_b, co_window_corner_a,
          co_window_paths_a, co_window_corner_a, co_window_corner_b,
          co_window_corner_b, co_window_unsneaky_path_c, co_window_broadway_b,
          glass_columns_a, glass_columns_c, glass_columns_b, glass_columns_a,
          uniq_blork_the_orc
D:5:      layout_cave_pods, gammafunk_temple_overflow_claw,
          mainiacjoe_overflow_tiny_flanked, grunt_decor_cap, uniq_sigmund
D:6:      layout_basic
D:7:      layout_basic, nicolae_overflow_hidden_temple,
          minmay_temple_entry_junction_2, hellmonk_ghost_happy_afterlife,
          uniq_joseph
D:8:      layout_cave_pools, nicolae_uskayaw_en_pointe, erik_lair_dragon,
          guppyfry_early_elven_hall
D:9:      layout_rooms, gammafunk_ghost_arena, serial_undead, serial_undead_d,
          serial_undead_e, serial_undead_f, serial_undead_f
D:10:     minmay_four_partial_circles, layout_gridville, doesnt_xom_only_xom,
          ebering_ghost_funeral_grove
D:11:     minmay_the_grid_triangle_9x9_recursive_2_mashed
          [minmay_the_grid_triangle_9x9_prize_insulated,
          minmay_the_grid_triangle_9x9_impossible_snake,
          minmay_the_grid_triangle_9x9_swiss_cheese,
          minmay_the_grid_triangle_9x9_dagger], layout_stronghold, st_stairs_1,
          uniq_psyche, uniq_erica, uniq_sonja, uniq_fannar
D:12:     layout_irregular_city, erik_orc_2, serial_shops,
          nicolae_take_the_stairs, ebering_ghost_reflecting_pool,
          lemuel_flame_loot_1
Temple:   nicolae_temple_god_jail
Lair:1:   layout_gridlike, grunt_megastairs_1
Lair:2:   layout_long_grid, nicolae_swamp_entry_splash_gauntlet, st_stairs_11,
          grunt_megastairs_2
Lair:3:   layout_cellular_growth
Lair:4:   layout_roguey, minmay_snake_entry_six_corridors, st_stairs_5
Lair:5:   layout_cellular_growth, beast_lair_carwin_8, infiniplex_staircase_pool
Lair:6:   due_jungle_book, layout_loops_ring, dpeg_slime_entry_enclosed_altar,
          uniq_urug
Swamp:1:  nicolae_swamp_tree_isthmus, layout_basic_swamp,
          evilmike_swamp_ruin_house_3, kb_tengu_band, uniq_roxanne,
          uniq_josephine

Skill      XL: |  1  2  3  4  5  6  7  8  9 10 11 12 13 14 |
---------------+-------------------------------------------+-----
Dodging        | 2 3 4 5 6 7 8 10 11 12 | 12.6
Fighting       | 2 3 4 5 6 7 8 10 11 13 14 | 14.6
Transmutations | 3 4 5 6 7 8 9 10 | 10.0
Unarmed Combat | 4 5 6 7 8 9 11 12 13 | 13.8
Spellcasting   | 3 5 6 7 |  7.3
Earth Magic    | 5 |  5.0
Hexes          | 1 |  1.9

Action                   |  1- 3 |  4- 6 |  7- 9 | 10-12 | 13-15 || total
-------------------------+-------+-------+-------+-------+-------++-------
Melee: Unarmed           |   115 |   136 |   236 |   618 |   668 ||  1773
       Tailslap          |     8 |    17 |    30 |    65 |   102 ||   222
       Kick              |     9 |    28 |    74 |   140 |   234 ||   485
       Headbutt          |     7 |    15 |    49 |    82 |   145 ||   298
       Punch             |     1 |     2 |    12 |    23 |    53 ||    91
 Cast: Beastly Appendage |    18 |    28 |    26 |    46 |    48 ||   166
       Wereblood         |     4 |    11 |    20 |    46 |    43 ||   124
       Ice Form          |       |       |       |    26 |    21 ||    47
       Leda's Liquefacti |       |       |       |       |     1 ||     1
Invok: Lunge             |       |       |     7 |    46 |    42 ||    95
       Whirlwind         |       |       |       |    26 |    31 ||    57
       Serpent's Lash    |       |       |       |     1 |       ||     1
  Use: Scroll            |       |     9 |     4 |    12 |     4 ||    29
       Potion            |       |       |     1 |       |     1 ||     2
 Stab: Distracted        |       |       |       |     1 |       ||     1
Armor: Skin              |    28 |    40 |   116 |   255 |   304 ||   743
Dodge: Dodged            |    66 |    72 |   191 |   432 |   423 ||  1184
Block: Other             |     9 |    28 |       |       |       ||    37
